 Dungeon Crawl Stone Soup version 0.23-a0-386-g9c9d49f (webtiles) character file.

70 iamserjio the Ducker (level 4, 21/21 HPs)
             Began as a Felid Chaos Knight on Oct 28, 2018.
             Was a Plaything of Xom.
             Quit the game on level 3 of the Dungeon.
             The game lasted 00:04:31 (2710 turns).

iamserjio the Ducker (Felid Chaos Knight)           Turns: 2710, Time: 00:04:32

Health: 21/21      AC:  1    Str:  8    XL:     4   Next: 3%
Magic:  14/14      EV: 20    Int: 13    God:    Xom [..*...]
Gold:   112        SH:  0    Dex: 17    Spells: 3/3 levels left
                                        Lives:  0   Deaths: 1

rFire    . . .     SeeInvis +     - Unarmed
rCold    . . .     Gourm    .   (shield unavailable)
rNeg     . . .     Faith    .   (armour unavailable)
rPois    .         Spirit   .   (helmet unavailable)
rElec    .         Reflect  .   (cloak unavailable)
rCorr    .         Harm     .   (gloves unavailable)
MR       .....                  (boots unavailable)
Stlth    +++.......             (no amulet)
HPRegen  0.07/turn              j - ring of magical power
MPRegen  0.14/turn              (no ring)

@: quick
A: very small, no armour, no weapons or thrown items, stealth, claws 1, fangs 3,
see invisible, carnivore, speed 1, shaggy fur 1, slow metabolism 1, sharp paws
a: Renounce Religion


You were on level 3 of the Dungeon.
You worshipped Xom.
You were a toy of Xom.
You were not hungry.

You visited 1 branch of the dungeon, and saw 3 of its levels.

You collected 112 gold pieces.

Inventory:

Missiles
 e - 53 arrows
Jewellery
 j - a ring of magical power (left paw)
Wands
 l - a wand of polymorph (7)
Scrolls
 c - 2 scrolls of teleportation {unknown}
 d - 3 scrolls of identify {unknown}
 i - a scroll of enchant weapon {unknown}
 m - a scroll of remove curse {unknown}
Potions
 b - a potion of curing {unknown}
 f - a potion of cancellation {unknown}
 g - a potion of ambrosia {unknown}
 h - a potion of degeneration {unknown}
 k - 2 potions of heal wounds {unknown}
 o - a potion of invisibility {unknown}
 p - a potion of brilliance {unknown}
 q - a potion of flight {unknown}
Comestibles
 a - 3 rations
 n - 6 chunks of flesh


   Skills:
 - Level 3.0 Fighting
 * Level 5.2 Dodging
 * Level 4.1 Stealth
 + Level 3.6 Unarmed Combat


You had 3 spell levels left.
You didn't know any spells.
Your spell library was empty.

Dungeon Overview and Level Annotations

Branches:
Dungeon (3/15)

Altars:


Innate Abilities, Weirdness & Mutations

You cannot wear armour.
You are incapable of wielding weapons or throwing items.
Your paws allow you to move quietly. (Stealth)
You have sharp claws.
You have razor-sharp teeth.
You have supernaturally acute eyesight. (SInv)
You are carnivorous and can eat meat at any time.
You cover ground quickly.
You are covered in fur. (AC +1)
You have a slow metabolism.
Your sharp claws are effective at attacking unaware monsters.


Message History

q - a coppery potion You now have 112 gold pieces (gained 10).
You are now a BORING thing.
HP restored.
A hobgoblin comes into view.
Found a pair of boots.
You pounce on the unaware helpless hobgoblin!
You mangle the hobgoblin!!
You kill the hobgoblin!
No target in view!
You hear Xom's maniacal laughter.
You are caught in an explosion of ice and frost!
The explosion engulfs you!
Ouch! That really hurt!
You die...
Xom thinks this is hilarious!
You are now a toy of Xom.
You are now level 4!
You rejoin the land of the living...
Okay, then.

########## ##### .........#
#...#
.........###########...#
.......................#
...<.....###########...#
#.#.################...####
....................$.......
#.#.####...#....†.......####
..#...# #....@.......#
#####.# #............#
.##...# #............#
.####.# ####.....?...#
.####.# ########.[# ..÷.#.#
#.# ###.#.# .# .##.#.#
....#.#


There were no monsters in sight!

Vanquished Creatures
  Terence (D:2)
  3 adders
  3 oozes (D:2)
  3 dart slugs
  2 leopard geckos
  A ball python (D:3)
  7 bats
  2 giant cockroaches (D:2)
  3 goblins
  6 hobgoblins
  3 jackals (D:2)
  3 frilled lizards (D:2)
  4 kobolds
  5 rats
46 creatures vanquished.

Vanquished Creatures (collateral kills)
  Crazy Yiuf (D:2)
1 creature vanquished.

Grand Total: 47 creatures vanquished

Notes
Turn   | Place    | Note
-------+----------+-------------------------------------------
     0 | D:1      | iamserjio the Felid Chaos Knight began the quest for the
                  | Orb.
     0 | D:1      | Reached XP level 1. HP: 10/10 MP: 2/2
   237 | D:1      | Reached skill level 1 in Stealth
   256 | D:1      | XOM: smoke on damage
   408 | D:1      | XOM: god gift: 20 arrows
   565 | D:1      | XOM: divination: detect creatures
   566 | D:1      | Reached XP level 2. HP: 14/14 MP: 3/3
   839 | D:2      | XOM: noise
   870 | D:2      | Noticed Terence
   878 | D:2      | XOM: confuse monster(s)
   889 | D:2      | Killed Terence
   889 | D:2      | Reached skill level 4 in Dodging
   889 | D:2      | Reached XP level 3. HP: 12/17 MP: 4/4
  1148 | D:2      | Reached XP level 4. HP: 6/21 MP: 5/5
  1282 | D:2      | XOM: cloud trail
  1817 | D:2      | XOM is BORED!
  1817 | D:2      | XOM: mild Chrm miscast
  1839 | D:2      | XOM: silly message
  1864 | D:2      | XOM: harmless Erth miscast
  2002 | D:2      | Found a runed door.
  2284 | D:2      | Noticed Crazy Yiuf
  2288 | D:2      | XOM: butterfly on damage
  2294 | D:2      | Killed Crazy Yiuf
  2294 | D:2      | Reached skill level 5 in Dodging
  2555 | D:2      | XOM: god gift: 17 arrows
  2659 | D:3      | Reached XP level 5. HP: 21/24 MP: 6/6
  2709 | D:3      | XOM is BORED!
  2709 | D:3      | XOM: medium Ice miscast
  2709 | D:3      | Killed by the capriciousness of Xom
  2710 | D:3      | Reached XP level 4. HP: 0/21 MP: 14/14
  2710 | D:3      | Quit the game

Vault maps used:
D:1:      dpeg_arrival_short_road
D:2:      uniq_terence, uniq_crazy_yiuf_cottage
D:3:      old_standard_altar, first_ration, kennysheep_small_spiral

Skill      XL: |  1  2  3  4 |
---------------+-------------+-----
Stealth        | 1 2 3 4 |  4.1
Dodging        | 4 5 |  5.2
Fighting       | |  3.0
Unarmed Combat | |  3.6

Action                   |  1- 3 |  4- 6 || total
-------------------------+-------+-------++-------
Melee: Unarmed           |    91 |    58 ||   149
       Bite              |     8 |     5 ||    13
       Punch             |     1 |       ||     1
 Stab: Sleeping          |     3 |     8 ||    11
  Eat: Chunk             |     8 |     3 ||    11
Armor: Skin              |     3 |     4 ||     7
Dodge: Dodged            |    69 |    34 ||   103

Table legend:
 A = Non-vault XP
 B = Vault XP
 C = Vault XP percentage of total XP
 D = Non-vault monster count
 E = Vault monster count
 F = Vault count percentage of total count
                 A         B        C        D         E       F
            +---------+---------+-------+---------+---------+-------
      Total |     132 |      71 |  35.0 |      45 |       2 |   4.3
            +---------+---------+-------+---------+---------+-------
        D:1 |      24 |       0 |   0.0 |      12 |       0 |   0.0
        D:2 |      73 |      71 |  49.3 |      26 |       2 |   7.1
        D:3 |      35 |       0 |   0.0 |       7 |       0 |   0.0
            +---------+---------+-------+---------+---------+-------
